[Event "Titled Tuesday Blitz April 4 Late 2023"]
[White "Romero Ruscalleda, Josep"]
[Black "Baglan, Esat"]
[WhiteFideId "2231859"]
[BlackFideId "6309216"]
[WhiteElo "2183"]
[BlackElo "2231"]
[Result "1-0"]
[Round "04"]
[TimeControl "180+2"]
[Date "2023.04.04"]
[WhiteClock "0:01:31"]
[BlackClock "0:00:59"]

1. e4 c5 2. c3 e6 3. d4 d5 4. e5 Nc6 5. Be3 Qb6 6. Qd2 Nh6 7. Nf3 Nf5 8. dxc5 Bxc5 9. Bxc5 Qxc5 10. Bd3 Bd7 11. O-O h6 12. b4 Qb6 13. a4 a5 14. b5 Nce7 15. Na3 Ng6 16. Bxf5 exf5 17. Qxd5 Be6 18. Qd4 Qc7 19. b6 Qc6 20. Qd6 Rc8 21. Nb5 Bc4 22. Nc7+ Rxc7 23. bxc7 Qxd6 24. exd6 Kd7 25. Rfd1 Be2 26. Rd5 Bxf3 27. gxf3 Nh4 28. Rad1 b6 29. R1d3 Ng6 30. Rb5 Nf4 31. Rd2 Kc6 32. Rxf5 1-0


[Site "https://www.chess.com"]

[Event "Titled Tuesday Blitz April 4 Late 2023"]
[White "Tsvetkov, Andrey"]
[Black "McNeill, Gordon"]
[WhiteFideId "34139360"]
[BlackFideId "30920760"]
[WhiteElo "2319"]
[BlackElo "2103"]
[Result "1-0"]
[Round "04"]
[TimeControl "180+2"]
[Date "2023.04.04"]
[WhiteClock "0:00:12"]
[BlackClock "0:00:09"]

1. d4 d6 2. c4 e5 3. Nc3 exd4 4. Qxd4 Nc6 5. Qd2 g6 6. g3 Bg7 7. Bg2 Nge7 8. Nh3 O-O 9. Nf4 a5 10. O-O Ne5 11. b3 a4 12. Rb1 axb3 13. axb3 Bf5 14. e4 Bg4 15. f3 Bd7 16. Nfd5 c6 17. Nxe7+ Qxe7 18. Bb2 Rfd8 19. Rbd1 Bc8 20. f4 Ng4 21. h3 Nh6 22. e5 Nf5 23. Ne4 Ra2 24. exd6 Nxd6 25. Nc3 Rxb2 26. Qxb2 Qe3+ 27. Qf2 Qxc3 28. c5 Be6 29. cxd6 c5 30. Qf3 Bd4+ 31. Kh2 Qb4 32. Qxb7 Qxb7 33. Bxb7 Bxb3 34. Rb1 Be6 35. Rb6 c4 36. Rc6 c3 37. Rd1 Bd5 38. Rxd4 Bxc6 39. Bxc6 c2 40. Rc4 Rxd6 41. Rxc2 Kg7 42. Bg2 h5 43. Bf3 Rd4 44. Kg2 h4 45. Re2 hxg3 46. Kxg3 Rd3 47. Kg4 Ra3 48. h4 Ra5 49. Re5 Kf6 50. Rxa5 1-0


[Site "https://www.chess.com"]

[Event "Titled Tuesday Blitz April 4 Late 2023"]
[White "Arun, Siddharth"]
[Black "Danielyan, Vahe"]
[WhiteFideId "2079178"]
[BlackFideId "13304828"]
[WhiteElo "2329"]
[BlackElo "2423"]
[Result "1-0"]
[Round "04"]
[TimeControl "180+2"]
[Date "2023.04.04"]
[WhiteClock "0:00:47"]
[BlackClock "0:00:57"]

1. d4 Nf6 2. Nc3 c5 3. d5 a6 4. e4 d6 5. a4 g6 6. Nf3 Bg7 7. g3 O-O 8. Bg2 e5 9. O-O b6 10. Ne1 Ra7 11. f4 Re7 12. Nd3 exf4 13. Nxf4 Ng4 14. Nce2 f5 15. h3 Nf6 16. exf5 Bxf5 17. g4 Nxg4 18. hxg4 Bxg4 19. Bf3 Qd7 20. Ng3 Be5 21. Bxg4 Qe8 22. Be6+ Kh8 23. Be3 Nd7 24. Qg4 Nf6 25. Qh3 g5 26. Nfh5 g4 27. Qh4 Nxh5 28. Nxh5 g3 29. Rxf8+ Qxf8 30. Rf1 Qe8 31. Bg5 g2 32. Bf6+ Rg7 33. Bxg7+ Bxg7 34. Rf7 Bd4+ 35. Kxg2 Qg8+ 36. Kh3 Qg5 37. Qxg5 1-0


[Site "https://www.chess.com"]

[Event "Titled Tuesday Blitz April 4 Late 2023"]
[White "Averjanov, Alexey"]
[Black "feuervogel1000000"]
[WhiteFideId "14109867"]
[WhiteElo "2659"]
[BlackElo "2269"]
[Result "0-1"]
[Round "04"]
[TimeControl "180+2"]
[Date "2023.04.04"]
[WhiteClock "0:01:04"]
[BlackClock "0:00:18"]

1. d4 Nf6 2. c4 e6 3. Nf3 d5 4. e3 Be7 5. Nbd2 O-O 6. Bd3 b6 7. O-O Bb7 8. Qe2 Nbd7 9. e4 dxe4 10. Nxe4 Nxe4 11. Bxe4 Bxe4 12. Qxe4 c5 13. Rd1 Nf6 14. Qe2 Qc7 15. b3 Rfd8 16. Bb2 cxd4 17. Nxd4 Rac8 18. Rd3 Qb7 19. Rad1 Rd7 20. Nf3 Rcd8 21. Ne5 Rxd3 22. Rxd3 Rxd3 23. Qxd3 Kf8 24. Kf1 Ke8 25. f3 Qa6 26. a4 Qc8 27. Ke1 Qc5 28. Qd4 Qb4+ 29. Qc3 Qc5 30. Qd4 Qc7 31. Ke2 Bc5 32. Qd3 Bd6 33. Qd4 Bc5 34. Qd3 Bg1 35. h3 Bh2 36. Ng4 Nxg4 37. hxg4 Be5 38. Ba3 g6 39. Qe4 Bf6 40. Qa8+ Bd8 41. Qe4 Be7 42. Bxe7 Kxe7 43. b4 Qd6 44. Qb7+ Qd7 45. Qxd7+ Kxd7 46. g5 Kd6 47. Kd3 Ke5 48. g3 Kd6 49. Kd4 e5+ 50. Ke4 a5 51. b5 Kc5 52. Kxe5 Kxc4 53. Kf6 Kb4 54. Kxf7 Kxa4 55. Kg7 Kxb5 56. Kxh7 a4 57. Kxg6 a3 58. Kh7 a2 59. g6 a1=Q 60. g7 Qh1+ 61. Kg6 Qxf3 62. g8=Q Qxg3+ 63. Kf7 Qxg8+ 64. Kxg8 Kc4 65. Kf8 b5 66. Ke7 b4 67. Ke6 b3 68. Ke5 b2 69. Kf4 b1=Q 70. Ke3 Qd3+ 71. Kf4 Kd4 72. Kg4 Qe4+ 73. Kg3 Ke5 74. Kh3 Qf4 75. Kg2 Ke4 76. Kh3 Ke3 77. Kg2 Qf3+ 78. Kh2 Ke2 79. Kg1 Qg3+ 80. Kh1 Qg4 81. Kh2 Kf2 82. Kh1 Qh3# 0-1


[Site "https://www.chess.com"]

[Event "Titled Tuesday Blitz April 4 Late 2023"]
[White "Xiong, Jeffery"]
[Black "Wang, Alexander J"]
[WhiteFideId "2047640"]
[BlackFideId "30955270"]
[WhiteElo "2726"]
[BlackElo "2306"]
[Result "1-0"]
[Round "04"]
[TimeControl "180+2"]
[Date "2023.04.04"]
[WhiteClock "0:01:01"]
[BlackClock "0:00:16"]

1. e4 c5 2. Nf3 d6 3. Nc3 Nf6 4. d4 cxd4 5. Qxd4 g6 6. e5 Nc6 7. Qa4 dxe5 8. Nxe5 Bd7 9. Nxd7 Qxd7 10. Be3 Bg7 11. Be2 O-O 12. O-O a6 13. Qh4 Rac8 14. Rad1 Qc7 15. a3 b5 16. Qg3 Qxg3 17. hxg3 Ne5 18. Rfe1 Nc4 19. Bxc4 Rxc4 20. Bd4 e6 21. f3 Rd8 22. Be5 Rxd1 23. Rxd1 Nd5 24. Bxg7 Kxg7 25. Nxd5 exd5 26. c3 Rc5 27. Kf2 Kf6 28. g4 Ke6 29. Ke3 Kd6 30. Rh1 d4+ 31. Kxd4 Rd5+ 32. Ke3 h5 33. gxh5 gxh5 34. Rh4 Ke6 35. a4 Rc5 36. Re4+ Kd6 37. axb5 axb5 38. Rh4 Ke6 39. g4 hxg4 40. Rxg4 f6 41. Re4+ Kf5 42. Re8 Rd5 43. b4 Kg6 44. Rc8 Kf5 45. Rc6 Kg6 46. Rc5 Re5+ 47. Rxe5 fxe5 48. c4 bxc4 49. b5 Kf5 50. b6 c3 51. b7 c2 52. Kd2 Kf4 53. b8=Q Kxf3 54. Qxe5 c1=Q+ 55. Kxc1 1-0


[Site "https://www.chess.com"]

[Event "Titled Tuesday Blitz April 4 Late 2023"]
[White "Kilpatrick, Callum"]
[Black "Gubajdullin, Alexei"]
[WhiteFideId "414425"]
[BlackFideId "4141202"]
[WhiteElo "2351"]
[BlackElo "2279"]
[Result "0-1"]
[Round "04"]
[TimeControl "180+2"]
[Date "2023.04.04"]
[WhiteClock "0:00:01"]
[BlackClock "0:00:39"]

1. e4 e5 2. Nf3 Nf6 3. Nc3 Nc6 4. d4 exd4 5. Nxd4 Bb4 6. Nxc6 bxc6 7. Bd3 O-O 8. O-O d5 9. exd5 cxd5 10. h3 c6 11. Qf3 h6 12. Ne2 Bd6 13. Ng3 Re8 14. Bd2 Be5 15. c3 Rb8 16. Rab1 Qc7 17. Rfe1 Bxg3 18. Rxe8+ Nxe8 19. fxg3 Be6 20. Kh2 Qa5 21. a3 c5 22. Bc2 c4 23. Bf4 Rb6 24. Be3 Rb7 25. Bd4 Nd6 26. Qf4 Nb5 27. Bc5 Qc7 28. Be3 Qxf4 29. gxf4 Nd6 30. g4 f5 31. Bd4 fxg4 32. hxg4 Bxg4 33. b4 Bf5 34. Rc1 Bxc2 35. Rxc2 Nb5 36. Be5 Nxa3 37. Rd2 Rd7 38. Kg2 Nb5 39. Kf3 g6 40. Rh2 h5 41. Kg3 Kf7 42. Kh4 d4 43. cxd4 Nxd4 44. Ra2 Nf5+ 45. Kg5 Ng3 46. Ra6 h4 0-1


[Site "https://www.chess.com"]

[Event "Titled Tuesday Blitz April 4 Late 2023"]
[White "Aggelis, Nikolaos"]
[Black "Domingo Nunez, Ruben"]
[WhiteFideId "4213220"]
[BlackFideId "22245570"]
[WhiteElo "2189"]
[BlackElo "2404"]
[Result "1/2-1/2"]
[Round "04"]
[TimeControl "180+2"]
[Date "2023.04.04"]
[WhiteClock "0:00:12"]
[BlackClock "0:00:07"]

1. c4 g6 2. b3 Bg7 3. Nc3 c5 4. Bb2 Nc6 5. Nf3 d6 6. g3 Nf6 7. Bg2 O-O 8. O-O Rb8 9. d4 cxd4 10. Nxd4 Bd7 11. Rc1 a6 12. Qd2 Nxd4 13. Qxd4 b5 14. cxb5 axb5 15. Nd5 Be6 16. Nf4 Bg4 17. h3 e5 18. Qd3 Bf5 19. e4 Bxe4 20. Bxe4 exf4 21. Bc6 Qa5 22. Qxd6 Rfd8 23. Qa3 Qd2 24. Bc3 Qd3 25. Qb2 Nh5 26. Bxg7 Nxg7 27. Rc3 Qd4 28. Rc2 Qb6 29. g4 Ne6 30. Be4 Nd4 31. Rd2 Rd7 32. Kh1 Rbd8 33. Rfd1 Qf6 34. Qc3 Kg7 35. a4 bxa4 36. bxa4 h5 37. g5 Qe5 38. f3 Rc7 39. Qb2 Rcd7 40. a5 Nxf3 41. Qxe5+ Nxe5 42. Rxd7 Rxd7 43. Rxd7 Nxd7 44. a6 Nb6 45. a7 f6 46. h4 Kf7 47. a8=Q Nxa8 48. Bxa8 fxg5 49. hxg5 Ke6 50. Be4 f3 51. Kh2 Ke5 52. Bxg6 Kf4 53. Bxh5 f2 54. Kg2 Kxg5 55. Kxf2 1/2-1/2


[Site "https://www.chess.com"]

[Event "Titled Tuesday Blitz April 4 Late 2023"]
[White "Martins, Bruno Andre Leite"]
[Black "Meunier-Pion, Jean"]
[WhiteFideId "1942255"]
[BlackFideId "20685327"]
[WhiteElo "2240"]
[BlackElo "2124"]
[Result "0-1"]
[Round "04"]
[TimeControl "180+2"]
[Date "2023.04.04"]
[WhiteClock "0:00:29"]
[BlackClock "0:00:14"]

1. d4 d5 2. Bf4 c5 3. e3 cxd4 4. exd4 Nc6 5. c3 Nf6 6. Nd2 g6 7. Ngf3 Bg7 8. Bd3 Nh5 9. Be3 O-O 10. h3 f5 11. Nb3 f4 12. Bc1 e5 13. dxe5 Nxe5 14. Nxe5 Bxe5 15. Nd4 Bd7 16. Nf3 Bg7 17. O-O Qc8 18. Be2 Kh8 19. Nd4 Qd8 20. Bg4 Rf7 21. Bxd7 Qxd7 22. Qg4 Re8 23. Qxd7 Rxd7 24. Nf3 Re2 25. Rd1 h6 26. Kf1 Re8 27. Nd4 g5 28. Nf3 Nf6 29. Bd2 Ne4 30. Be1 h5 31. Nd4 g4 32. hxg4 hxg4 33. Ne2 f3 34. gxf3 gxf3 35. Ng1 Rf8 36. Rd3 Rdf7 37. Rxd5 Bh6 38. Rad1 Ng3+ 39. fxg3 f2 40. Rh5 fxe1=Q+ 41. Kxe1 Rf1+ 42. Ke2 R8f2+ 43. Kd3 Rxd1+ 44. Ke4 Rxg1 45. Rxh6+ Kg7 46. Rd6 Rxg3 47. Rd7+ Rf7 48. Rxb7 Rxb7 0-1


[Site "https://www.chess.com"]

[Event "Titled Tuesday Blitz April 4 Late 2023"]
[White "Erzhanov, Arman"]
[Black "Popov, Mikhail"]
[WhiteFideId "4138821"]
[BlackFideId "4146182"]
[WhiteElo "2138"]
[BlackElo "2244"]
[Result "1-0"]
[Round "04"]
[TimeControl "180+2"]
[Date "2023.04.04"]
[WhiteClock "0:00:15"]
[BlackClock "0:00:01"]

1. e4 e6 2. b3 d5 3. Bb2 dxe4 4. Nc3 Nf6 5. Qe2 Nbd7 6. O-O-O Be7 7. g4 Nc5 8. g5 Nd5 9. Nxe4 O-O 10. h4 Nf4 11. Qf3 Nxe4 12. Qxf4 f5 13. gxf6 Nxf6 14. Bd3 Qd6 15. Qg5 Qd5 16. Nh3 a5 17. a4 h6 18. Qg6 Qh5 19. Nf4 Qxg6 20. Nxg6 Re8 21. Rhg1 Bd8 22. Rg2 Nh5 23. Be2 Nf6 24. Rdg1 e5 25. Nxe5 Re7 26. Bc4+ Be6 27. Bxe6+ Rxe6 28. Rxg7+ Kf8 29. Ba3+ Rd6 30. Bxd6+ cxd6 31. Nd7+ Nxd7 32. Rxd7 Bxh4 33. Rh7 Bf6 34. Rxh6 Be5 35. Rh7 Rc8 36. f4 Bf6 37. Rg6 Bd4 38. Rxd6 Bg7 39. Rd7 Bf6 40. Rdf7+ Kg8 41. Rxb7 1-0


[Site "https://www.chess.com"]

[Event "Titled Tuesday Blitz April 4 Late 2023"]
[White "Sokolovsky, Yahli"]
[Black "Urbina Perez, Juan Antonio"]
[WhiteFideId "2820242"]
[BlackFideId "2217368"]
[WhiteElo "2316"]
[BlackElo "2197"]
[Result "1/2-1/2"]
[Round "04"]
[TimeControl "180+2"]
[Date "2023.04.04"]
[WhiteClock "0:00:06"]
[BlackClock "0:00:06"]

1. b3 e5 2. Bb2 Nc6 3. e3 Nf6 4. Nf3 Bd6 5. d4 exd4 6. exd4 O-O 7. Be2 Re8 8. O-O b6 9. c4 Ne7 10. d5 Ng6 11. Nc3 Nf4 12. Re1 Nxe2+ 13. Rxe2 Bb7 14. Nb5 Bf8 15. Bxf6 Qxf6 16. Rxe8 Rxe8 17. Nxc7 Rc8 18. Nb5 a6 19. Nbd4 Bc5 20. a4 Re8 21. Rb1 a5 22. Qd3 g6 23. h3 d6 24. Kf1 Bc8 25. Re1 Rxe1+ 26. Kxe1 Kg7 27. Qe4 Bd7 28. Ke2 h6 29. h4 Kf8 30. Kf1 Kg7 31. Kg1 Kf8 32. Kf1 Kg7 33. Ke1 Kf8 34. Kd1 Kg7 35. Kc1 Kf8 36. Kd2 Bb4+ 37. Kd3 Bc5 38. Ke2 Kg7 39. h5 g5 40. g4 Kf8 41. Kf1 Kg7 42. Kg2 Kf8 43. Kg3 Kg7 44. Qd3 Qf4+ 45. Kg2 Bxg4 46. Kf1 Bxh5 47. Nf5+ Kf8 48. N3d4 Bg6 49. Qe3 Bxf5 50. Qxf4 gxf4 51. Nxf5 h5 52. Kg2 Kg8 53. Kf3 Kh7 54. Nh4 Kg8 55. Ng2 Kg7 56. Nxf4 Kh6 57. Nh3 f6 58. Kf4 Kg6 59. Kg3 Kf5 60. f3 Be3 61. Kh4 Ke5 62. Kxh5 Kd4 63. Kg6 Kc3 64. f4 Kxb3 65. Kxf6 Kxc4 66. Ke6 b5 67. axb5 Kxb5 68. f5 Bd4 69. f6 Bxf6 70. Kxf6 a4 71. Ng1 a3 72. Ne2 a2 73. Nc3+ Kc4 74. Nxa2 Kxd5 75. Nc3+ Kc4 76. Ne2 d5 77. Ke5 d4 78. Nxd4 1/2-1/2


[Site "https://www.chess.com"]

[Event "Titled Tuesday Blitz April 4 Late 2023"]
[White "Papp, Levente"]
[Black "Moral Garcia, Serafin"]
[WhiteFideId "751243"]
[BlackFideId "2201925"]
[WhiteElo "2380"]
[BlackElo "2274"]
[Result "1/2-1/2"]
[Round "04"]
[TimeControl "180+2"]
[Date "2023.04.04"]
[WhiteClock "0:00:03"]
[BlackClock "0:00:41"]

1. b3 e5 2. Bb2 Nc6 3. c4 Nf6 4. Nf3 e4 5. Nd4 Nxd4 6. Bxd4 c6 7. Nc3 d5 8. cxd5 cxd5 9. Bxf6 Qxf6 10. Nxd5 Qe5 11. Ne3 Be6 12. g3 Bb4 13. Rc1 Rd8 14. Rc2 O-O 15. Bg2 f5 16. a3 Bxa3 17. Nc4 Bxc4 18. bxc4 f4 19. Qb1 b6 20. O-O f3 21. exf3 exf3 22. Bh3 Rd6 23. Qe1 Qh5 24. Be6+ Kh8 25. h3 Re8 26. Bg4 Qf7 27. Qd1 Rf6 28. Re1 Rf8 29. h4 Rg6 30. Bh3 Rxg3+ 31. fxg3 f2+ 32. Kh2 fxe1=Q 33. Qxe1 Bc5 34. Bg2 Qf5 35. Qe4 Qf2 36. d4 Bxd4 37. Rxf2 Bxf2 38. Qb7 a5 39. Kh3 h6 40. h5 Bc5 41. Be4 a4 42. Qd7 a3 43. Qe6 a2 44. Qg6 Kg8 45. Bd5+ Kh8 46. Be4 Kg8 47. Bd5+ Kh8 48. Be4 1/2-1/2


[Site "https://www.chess.com"]

[Event "Titled Tuesday Blitz April 4 Late 2023"]
[White "Goroshkov, Maksym"]
[Black "Silva, Caio Henrique Angelico"]
[WhiteFideId "14142716"]
[BlackFideId "22777210"]
[WhiteElo "2322"]
[BlackElo "2096"]
[Result "1-0"]
[Round "04"]
[TimeControl "180+2"]
[Date "2023.04.04"]
[WhiteClock "0:00:36"]
[BlackClock "0:00:08"]

1. e4 c6 2. d4 d5 3. Nd2 dxe4 4. Nxe4 Nf6 5. Nxf6+ exf6 6. c3 Bd6 7. Bd3 O-O 8. Nf3 Re8+ 9. Be3 Nd7 10. O-O Nf8 11. g3 Qc7 12. Re1 Bg4 13. Bf1 h5 14. h3 Bf5 15. Bg2 Be4 16. Nh4 Bxg2 17. Kxg2 Qd7 18. Qxh5 Re4 19. Qf5 Qe7 20. Bd2 Rxe1 21. Rxe1 Qc7 22. Qg4 Ne6 23. Nf5 Kf8 24. c4 Rd8 25. d5 cxd5 26. cxd5 Ng5 27. Bxg5 fxg5 28. Qxg5 f6 29. Qh5 Kg8 30. Re8+ Rxe8 31. Qxe8+ Kh7 32. Qe4 Kh8 33. Qe6 Be5 34. h4 Qc2 35. Qe8+ Kh7 36. Qh5+ Kg8 37. Ne7+ Kf8 38. Ng6+ Kg8 39. Nxe5 fxe5 40. Qe8+ Kh7 41. Qxe5 Qd3 42. d6 Kh8 43. Qe8+ Kh7 44. d7 Qd5+ 45. Kh2 Qf3 46. Kg1 Qd1+ 47. Kg2 Qd5+ 48. f3 Qd2+ 49. Kh3 Qd1 50. d8=Q Qxf3 51. Qg8+ Kh6 52. Qg5# 1-0


[Site "https://www.chess.com"]

[Event "Titled Tuesday Blitz April 4 Late 2023"]
[White "Kovalevsky, Stanislav"]
[Black "Mendez Fortes, Eduardo Jesus"]
[WhiteFideId "13508598"]
[BlackFideId "3502376"]
[WhiteElo "2174"]
[BlackElo "2307"]
[Result "0-1"]
[Round "04"]
[TimeControl "180+2"]
[Date "2023.04.04"]
[WhiteClock "0:00:07"]
[BlackClock "0:00:24"]

1. c4 e6 2. Nc3 d5 3. cxd5 exd5 4. d4 Nf6 5. g3 c6 6. Bg2 Be7 7. Nf3 O-O 8. O-O Bf5 9. Ne5 Nbd7 10. f4 Nb6 11. h3 Ne4 12. g4 Nxc3 13. bxc3 Bc8 14. e4 f6 15. Nd3 dxe4 16. Bxe4 f5 17. Bg2 Be6 18. Re1 Bd5 19. Re5 Bd6 20. Rxf5 Rxf5 21. gxf5 Qf6 22. Qg4 Rf8 23. a4 Qxf5 24. Qxf5 Rxf5 25. a5 Nc8 26. Rb1 b6 27. axb6 axb6 28. Ra1 Bxg2 29. Kxg2 Ra5 30. Bb2 Rxa1 31. Bxa1 b5 32. Kf3 Nb6 33. Ke4 Kf7 34. Bb2 Na4 35. f5 g5 36. fxg6+ Kxg6 37. Ba1 Kf6 38. Nf2 Nb6 39. c4 Nxc4 40. d5+ Ke7 41. dxc6 Kd8 42. Kd5 Kc7 43. Nd3 Nb6+ 44. Ke6 Kxc6 45. Kf7 Kd5 46. Kg7 Ke4 47. Ne1 h5 48. Kh6 h4 49. Kg5 Be7+ 50. Bf6 Bc5 51. Kxh4 Bf2+ 52. Kg4 Bxe1 53. h4 Nd5 54. Bg7 Ne3+ 55. Kg5 Nf5 56. h5 Nxg7 57. h6 Bd2+ 58. Kg6 Bxh6 59. Kh7 b4 60. Kg6 b3 61. Kh7 b2 62. Kg6 b1=Q 63. Kh7 Kf4+ 64. Kg8 Nf5 65. Kh8 Qb8+ 66. Kh7 Qc7+ 67. Kg6 Qg7+ 68. Kh5 Qg5# 0-1


[Site "https://www.chess.com"]

[Event "Titled Tuesday Blitz April 4 Late 2023"]
[White "Bouget, Alexandre"]
[Black "Jocev, Milan"]
[WhiteFideId "681318"]
[BlackFideId "900680"]
[WhiteElo "2182"]
[BlackElo "2304"]
[Result "0-1"]
[Round "04"]
[TimeControl "180+2"]
[Date "2023.04.04"]
[WhiteClock "0:00:01"]
[BlackClock "0:00:19"]

1. d4 Nf6 2. c4 g6 3. Nc3 Bg7 4. e4 O-O 5. Be2 d6 6. Nf3 e5 7. O-O Bg4 8. d5 a5 9. Be3 Na6 10. Nd2 Bd7 11. b3 h5 12. f3 Kh7 13. a3 Bh6 14. Bxh6 Kxh6 15. Rb1 h4 16. b4 axb4 17. axb4 Nh5 18. Re1 Qg5 19. Nf1 Nf4 20. g3 Bh3 21. g4 f5 22. exf5 gxf5 23. Ne3 fxg4 24. Ne4 Qg6 25. Kh1 Nxe2 26. Qxe2 gxf3 27. Qd2 Rf4 28. Nf2 Bg2+ 29. Kg1 Rg8 30. Neg4+ Kh5 31. Nxe5 dxe5 32. Rxe5+ Rf5 33. Re6 Qg5 34. Qxg5+ Rfxg5 35. Ne4 f2+ 36. Kxf2 Bxe4 37. Rxe4 Rg2+ 38. Ke3 Rxh2 39. c5 Rh3+ 40. Kd4 Rg4 41. d6 Rxe4+ 42. Kxe4 cxd6 43. cxd6 Rh2 44. Rd1 Re2+ 45. Kf5 Re8 46. d7 Rd8 47. Ke6 Nxb4 48. Ke7 Nc6+ 49. Kd6 Kg4 50. Rb1 h3 51. Rxb7 h2 52. Rb1 Ne5 53. Kxe5 Rxd7 54. Ke4 Kg3 0-1


[Site "https://www.chess.com"]

[Event "Titled Tuesday Blitz April 4 Late 2023"]
[White "Melikhov, Evgeny V."]
[Black "Gontcharov, Vladislav"]
[WhiteFideId "4122046"]
[BlackFideId "4123492"]
[WhiteElo "2158"]
[BlackElo "2420"]
[Result "0-1"]
[Round "04"]
[TimeControl "180+2"]
[Date "2023.04.04"]
[WhiteClock "0:00:02"]
[BlackClock "0:00:19"]

1. d4 Nf6 2. c4 c5 3. d5 e6 4. Nc3 exd5 5. cxd5 d6 6. Nf3 g6 7. h3 Bg7 8. e4 O-O 9. Bd3 b5 10. Nxb5 Re8 11. O-O Nxe4 12. Re1 a6 13. Na3 Nf6 14. Rxe8+ Nxe8 15. Nc4 Bb7 16. Bf4 Bxd5 17. Be2 Bxc4 18. Bxc4 Ra7 19. Qd5 h6 20. Re1 Rd7 21. Bd3 Nc7 22. Qb3 d5 23. Qc2 Ne6 24. Be5 Nc6 25. Bxg7 Kxg7 26. Ne5 Ncd4 27. Qc3 Rd6 28. a3 h5 29. b4 Qc7 30. bxc5 Qxc5 31. Qb2 Rb6 32. Qa1 Rb3 33. Nxg6 Rxa3 0-1


[Site "https://www.chess.com"]

[Event "Titled Tuesday Blitz April 4 Late 2023"]
[White "mjelcic"]
[Black "Klenburg, Michael"]
[BlackFideId "14102072"]
[WhiteElo "2229"]
[BlackElo "2396"]
[Result "0-1"]
[Round "04"]
[TimeControl "180+2"]
[Date "2023.04.04"]
[WhiteClock "0:00:03"]
[BlackClock "0:00:21"]

1. e4 d6 2. d4 Nf6 3. Nc3 g6 4. f4 Bg7 5. Nf3 c5 6. Bb5+ Bd7 7. e5 Ng4 8. Bxd7+ Qxd7 9. d5 dxe5 10. h3 e4 11. hxg4 exf3 12. Qxf3 Na6 13. Bd2 O-O-O 14. O-O-O Nc7 15. Qe3 b6 16. g5 e6 17. dxe6 Nxe6 18. Qe4 Qb7 19. Qxb7+ Kxb7 20. g3 Kc6 21. Ne4 Nd4 22. Kb1 Rde8 23. Nf2 Re2 24. Nd3 Nf5 25. Rh3 h5 26. gxh6 Rxh6 27. Rxh6 Bxh6 28. Bc3 Nxg3 29. Ne5+ Kb5 30. Nxf7 Bxf4 31. b3 Ne4 32. a4+ Ka6 33. Bb2 g5 34. Nd8 Nd2+ 35. Ka2 g4 36. Bc3 g3 37. Ne6 Rxe6 38. Bxd2 Bc7 39. Rg1 Re2 40. Bg5 Rxc2+ 41. Kb1 Re2 42. Kc1 g2 43. Kd1 Ra2 44. Ke1 Bg3+ 45. Kd1 Bh2 46. Re1 g1=Q 47. Rxg1 Bxg1 0-1


[Site "https://www.chess.com"]

[Event "Titled Tuesday Blitz April 4 Late 2023"]
[White "Weetik, Vjacheslav"]
[Black "Figorito, Nick"]
[WhiteFideId "4153472"]
[BlackFideId "30923689"]
[WhiteElo "2469"]
[BlackElo "2386"]
[Result "1-0"]
[Round "04"]
[TimeControl "180+2"]
[Date "2023.04.04"]
[WhiteClock "0:00:35"]
[BlackClock "0:00:26"]

1. d4 Nf6 2. c4 g6 3. Nc3 d5 4. cxd5 Nxd5 5. e4 Nxc3 6. bxc3 Bg7 7. Bg5 c5 8. Rc1 cxd4 9. cxd4 O-O 10. Nf3 Bg4 11. d5 Nd7 12. Be2 Qa5+ 13. Qd2 Qxd2+ 14. Nxd2 Bxe2 15. Kxe2 Bf6 16. Bxf6 Nxf6 17. Rc7 e6 18. dxe6 fxe6 19. Rxb7 Rf7 20. Rhb1 Raf8 21. f3 Nh5 22. g3 Ng7 23. Rxf7 Rxf7 24. Nc4 Ne8 25. Rb8 Re7 26. Nd6 Kf8 27. e5 g5 28. Ke3 h6 29. g4 a5 30. a4 Kg7 31. Nxe8+ Kg6 32. Nd6 Rc7 33. Rg8+ Kh7 34. Rc8 Rd7 35. Rb8 Kg6 36. Rg8+ Kh7 37. Ra8 Rc7 38. Rxa5 Rc2 39. Ra7+ Kg6 40. a5 Rxh2 41. a6 Ra2 42. Nb5 h5 43. gxh5+ Kxh5 44. Nc7 Ra3+ 45. Ke2 Ra2+ 46. Kd3 Ra3+ 47. Kd4 Rxf3 48. Rb7 Ra3 49. a7 g4 50. a8=Q Rxa8 51. Nxa8 Kh4 52. Ke3 Kh3 53. Rh7+ Kg2 54. Re7 g3 55. Rxe6 Kf1 56. Rf6+ Ke1 57. Rg6 Kd1 58. Rxg3 Kc2 59. e6 Kb3 60. e7 Kc4 1-0


[Site "https://www.chess.com"]

[Event "Titled Tuesday Blitz April 4 Late 2023"]
[White "Hajiyev, Kanan"]
[Black "Manzone, Alessandro"]
[WhiteFideId "13404148"]
[BlackFideId "112488"]
[WhiteElo "2103"]
[BlackElo "2255"]
[Result "1-0"]
[Round "04"]
[TimeControl "180+2"]
[Date "2023.04.04"]
[WhiteClock "0:00:13"]
[BlackClock "0:00:11"]

1. d4 Nf6 2. Nf3 e6 3. c4 Bb4+ 4. Nbd2 d6 5. g3 O-O 6. Bg2 Nc6 7. O-O e5 8. Nb3 exd4 9. Nfxd4 Ne5 10. a3 Bc5 11. Nxc5 dxc5 12. Nb3 Qe7 13. Qc2 Be6 14. f4 Nxc4 15. f5 Bd5 16. Bxd5 Ne3 17. Qxc5 Qxc5 18. Nxc5 Nxf1 19. Bxb7 Rad8 20. Nd3 Nxg3 21. hxg3 Rfe8 22. Bf3 Ne4 23. Bf4 c5 24. Rc1 Rd5 25. Rc4 Rd4 26. Rxd4 cxd4 27. Be5 Ng5 28. Kf2 Nxf3 29. Kxf3 Rd8 30. Ke4 f6 31. Bxd4 a6 32. b4 Kf7 33. Nc5 Rd6 34. Kd3 g6 35. fxg6+ hxg6 36. e4 Ke7 37. Kc4 Rc6 38. Kd5 Rd6+ 39. Kc4 Rc6 40. a4 Rc8 41. Kd5 f5 42. exf5 gxf5 43. Ke5 Rg8 44. Bf2 Rg4 45. Nxa6 Kd7 46. Kxf5 Rc4 47. Nc5+ Kc6 48. Nd3 Rc3 49. Ne5+ Kd5 50. Ng6 Rf3+ 51. Nf4+ Kc4 52. Bc5 Rxg3 53. a5 Kb5 54. Ke5 Rg5+ 55. Ke4 Rg8 56. Ne6 Re8 57. Kd5 Rg8 58. Nc7+ Ka4 59. a6 Rg5+ 60. Kc6 Rg6+ 61. Bd6 Rg8 62. a7 1-0


[Site "https://www.chess.com"]

[Event "Titled Tuesday Blitz April 4 Late 2023"]
[White "Cuenca Jimenez, Jose Fernando"]
[Black "Bochnicka, Vladimir"]
[WhiteFideId "2255570"]
[BlackFideId "14943450"]
[WhiteElo "2429"]
[BlackElo "2094"]
[Result "1-0"]
[Round "04"]
[TimeControl "180+2"]
[Date "2023.04.04"]
[WhiteClock "0:02:59"]
[BlackClock "0:02:32"]

1. c4 c5 2. Nf3 Nc6 3. d4 cxd4 4. Nxd4 g6 5. e4 Bg7 6. Be3 d6 7. Nc3 Bd7 8. Be2 Nf6 9. O-O O-O 10. h3 Nxd4 11. Bxd4 Bc6 12. Qc2 Nd7 13. Bxg7 Kxg7 14. b4 a6 15. b5 1-0


[Site "https://www.chess.com"]

[Event "Titled Tuesday Blitz April 4 Late 2023"]
[White "Sieciechowicz, Marcin"]
[Black "Kielinkei"]
[WhiteFideId "1130170"]
[WhiteElo "2302"]
[BlackElo "2422"]
[Result "1-0"]
[Round "04"]
[TimeControl "180+2"]
[Date "2023.04.04"]
[WhiteClock "0:00:04"]
[BlackClock "0:00:02"]

1. d4 Nf6 2. c4 e6 3. Nc3 Bb4 4. Qc2 b6 5. e4 d6 6. Bd3 Bxc3+ 7. Qxc3 O-O 8. Nf3 c5 9. d5 e5 10. Bg5 h6 11. Bh4 Bg4 12. Nd2 Nbd7 13. f3 Bh5 14. g4 Bg6 15. Bf2 h5 16. h3 Nh7 17. h4 a6 18. Nf1 Nhf6 19. Ne3 hxg4 20. Nxg4 Nxg4 21. fxg4 Nf6 22. h5 Bxe4 23. Rg1 Bxd3 24. Qxd3 e4 25. Qc3 Nh7 26. O-O-O Qf6 27. Qc2 Ng5 28. Be3 b5 29. h6 bxc4 30. hxg7 Qxg7 31. Rh1 f6 32. Rh5 Rae8 33. Rdh1 Kf7 34. Bxg5 Rh8 35. Be3 Rxh5 36. gxh5 f5 37. h6 Qh7 38. Qc3 Rg8 39. Qxc4 Rg3 40. Bf4 Rf3 41. Bxd6 f4 42. Bxc5 e3 43. d6+ Ke8 44. Qe6+ Kf8 45. d7+ 1-0


[Site "https://www.chess.com"]

[Event "Titled Tuesday Blitz April 4 Late 2023"]
[White "Melikyan, Gnel"]
[Black "Redzisz, Michal"]
[WhiteFideId "54109990"]
[BlackFideId "21816107"]
[WhiteElo "2138"]
[BlackElo "2175"]
[Result "0-1"]
[Round "04"]
[TimeControl "180+2"]
[Date "2023.04.04"]
[WhiteClock "0:00:50"]
[BlackClock "0:00:18"]

1. d3 d5 2. Kd2 Nf6 3. c3 e5 4. Kc2 c5 5. Nd2 Bd6 6. g3 b5 7. Bg2 O-O 8. b3 a5 9. Bb2 Nc6 10. e4 d4 11. Ne2 dxc3 12. Bxc3 Nd4+ 13. Kb2 a4 14. f4 Ng4 15. Qe1 Ne3 16. Bf3 Nec2 17. Qf2 Nxa1 18. Rxa1 axb3 19. a3 Nc2 20. fxe5 b4 21. exd6 bxc3+ 22. Nxc3 Nxa1 23. Kxa1 Rxa3+ 24. Kb2 Qa5 25. Nxb3 Qb4 26. Qc2 Be6 27. Nd5 Bxd5 28. exd5 Rb8 29. Bd1 Rba8 30. Kc1 Ra1+ 0-1


[Site "https://www.chess.com"]